 Dungeon Crawl Stone Soup version 0.28-a0-1510-gd0f6b136d3 (webtiles) character file.

Game seed: 6593782540235031300

2762 shadowrider38 the Spear-Bearer (level 9, -6/72 (78) HPs)
             Began as a Merfolk Gladiator on Jan 15, 2022.
             Shot with an arrow by a centaur warrior (16 damage)
             ... on level 8 of the Dungeon.
             The game lasted 00:14:27 (9890 turns).

shadowrider38 the Spear-Bearer (Merfolk Gladiator)  Turns: 9890, Time: 00:14:27

HP:   -6/72 (78)    AC:  9    Str: 19    XL:     9   Next: 69%
MP:   18/18         EV:  8    Int:  7    God:
Gold: 266           SH:  0    Dex: 15    Spells: 8/8 levels left

rFire   . . .      SeeInvis .   a - +0 trident
rCold   . . .      Faith    +   (no shield)
rNeg    . . .      Spirit   .   A - +0 chain mail
rPois   .          Reflect  .   c - +0 helmet
rElec   .          Harm     .   (no cloak)
rCorr   .          Rampage  .   (no gloves)
Will    .....                   (no boots)
Stlth   ..........              o - amulet of faith
HPRegen 0.22/turn               e - ring of magical power
MPRegen 0.16/turn               (no ring)

@: drained
A: (nimble swimmer 2), mertail
a: no special abilities


You were on level 8 of the Dungeon.
You visited 1 branch of the dungeon, and saw 9 of its levels.
You also visited: Ossuary.

You collected 266 gold pieces.

Inventory:

Hand Weapons
 a - a +0 trident (weapon)
 x - a +4 rapier
Missiles
 d - a throwing net (quivered)
 g - 224 stones
 m - 8 poisoned darts
 z - 2 boomerangs
Armour
 c - a +0 helmet (worn)
 A - a +0 chain mail (worn)
Jewellery
 e - a ring of magical power (left hand)
 o - an amulet of faith (around neck)
Scrolls
 h - a scroll of identify
 i - 2 scrolls of magic mapping
 l - a scroll of blinking
 p - 3 scrolls of amnesia
 r - a scroll of holy word {unknown}
 s - a scroll of brand weapon {unknown}
 w - a scroll of immolation {unknown}
 y - a scroll of enchant weapon {unknown}
Potions
 b - a potion of mutation
 f - a potion of curing
 j - a potion of ambrosia
 k - a potion of brilliance
 q - a potion of attraction
 u - 3 potions of cancellation {unknown}
 v - 2 potions of lignification


   Skills:
 + Level 9.9 Fighting
 - Level 14.0 Polearms
 - Level 2.0 Throwing
 + Level 4.1 Dodging


You had 8 spell levels left.
You didn't know any spells.
Your spell library contained the following spells:

 Spells                   Type           Power      Damage    Failure   Level
 Apportation              Tloc           0%         N/A       100%        1
 Pain                     Necr           0%         1d4       100%        1
 Frozen Ramparts          Ice            0%         1d2       100%        3
 Ignite Poison            Fire/Tmut/Pois 0%         N/A       100%        3
 Mephitic Cloud           Conj/Pois/Air  0%         N/A       100%        3
 Ice Form                 Ice/Tmut       0%         N/A       100%        4
 Summon Ice Beast         Ice/Summ       0%         N/A       100%        4
 Agony                    Necr           0%         N/A       100%        5
 Alistair's Intoxication  Tmut/Pois      0%         N/A       100%        5
 Excruciating Wounds      Necr           0%         N/A       100%        5
 Freezing Cloud           Conj/Ice/Air   0%         6-21      100%        5


Dungeon Overview and Level Annotations

Branches:
Dungeon (9/15)            Ossuary (visited)
 Temple: D:4-7         Lair: D:8-11         Orc: D:9-12

Altars:
Hepliaklqana
Kikubaaqudgha


Innate Abilities, Weirdness & Mutations

((You are very nimble when in or above water. (Stealth+, EV+, Speed+++)))
Your lower body shifts to a powerful aquatic tail in water.


Message History

The howler monkey howls!
You hear a howl!
A howler monkey comes into view.
The howler monkey hoots and howls with incredible vigour!
A howler monkey comes into view.
The howler monkey moves out of view.
There are monsters nearby!
There are monsters nearby!
The howler monkey howls!
You hear a shout!
A centaur warrior comes into view.
You puncture the howler monkey!
The howler monkey is severely wounded.
You puncture the howler monkey!
You kill the howler monkey!
The howler monkey hoots and howls with incredible vigour!
You hear a shout! x3
The centaur warrior wields a +0 shortbow.
The centaur warrior shoots an arrow.
The arrow hits you!
The howler monkey hits you but does no damage.
Okay, then.
Unknown command.
Unknown command.
You barely miss the howler monkey.
The howler monkey hits you but does no damage.
The centaur warrior shoots an arrow.
The arrow closely misses you.
The arrow hits the howler monkey!!
The howler monkey dies!
Unknown command.
Unknown command.
The centaur warrior shoots an arrow.
The arrow hits you!
The centaur warrior shoots an arrow.
The arrow hits you!!
The centaur warrior shoots an arrow.
The arrow barely misses you.
Found an escape hatch in the ceiling.
The centaur warrior shoots an arrow.
The arrow barely misses you.
The centaur warrior shoots an arrow.
The arrow barely misses you.
The centaur warrior shoots an arrow.
The arrow hits you!
* * * LOW HITPOINT WARNING * * *
The centaur warrior shoots an arrow.
The arrow hits you.
* * * LOW HITPOINT WARNING * * *
The centaur warrior shoots an arrow.
The arrow hits you!
You die...

...........................>#
.......####......#.#.###.##.#
..####.####......#.#.# #.##.#
. #....c.c.......###.# #.##.#
#.##.####......# #.# #.#...
#.#..#.##....#####.# #.####
#.#.##.............# #.#
#.#.##.##....####### #.#
....#.## #.....@# #.#
.#..#.##.........# #.#
##.#†#####......# #.# ..hc.
#......# #.# #..... #......#
#.# #..##.# #......#######.#
.... .# #.##.###.......# #...
.# #. #. #.####### #... . #)#


You could see a centaur warrior.

Vanquished Creatures
  A hornet (D:7)
  Sigmund (D:4)
  2 ice beasts
  2 black bears (D:5)
  An orc warrior (D:6)
  2 necrophages
  A centaur (D:3)
  3 elf zombies (Ossuary)
  A phantom (D:5)
  A bullfrog (D:8)
  A scorpion (D:5)
  A water moccasin zombie (D:5)
  A howler monkey (D:8)
  6 killer bees
  4 wights
  2 centaur zombies
  3 human zombies (Ossuary)
  2 orc priests (D:6)
  2 hounds
  A bullfrog skeleton (D:5)
  2 iguanas (D:4)
  2 orc wizards (D:6)
  A killer bee zombie (D:4)
  2 mummies (Ossuary)
  A hound zombie (D:5)
  Robin (D:3)
  5 gnolls
  4 adders
  A white imp (D:6)
  An ufetubus (D:5)
  An adder zombie (Ossuary)
  7 worms
  12 orcs
  11 ball pythons
  3 bats
  3 bat skeletons (D:6)
  A bat zombie (D:6)
  6 endoplasms
  7 giant cockroaches
  17 hobgoblins
  4 jackals (D:1)
  6 quokkas
  5 frilled lizards
  13 goblins
  A goblin zombie (D:4)
  9 hobgoblin zombies (Ossuary)
  A jackal zombie (Ossuary)
  7 kobolds
  10 kobold zombies (Ossuary)
  7 orc zombies (Ossuary)
  A quokka zombie (D:4)
  9 rats
  2 rat zombies (Ossuary)
201 creatures vanquished.

Vanquished Creatures (others)
  A howler monkey (D:8)
  3 fungi (D:8)
  4 plants (D:8)
8 creatures vanquished.

Grand Total: 209 creatures vanquished

Notes
Turn   | Place    | Note
-------+----------+-------------------------------------------
     0 | D:1      | shadowrider38 the Merfolk Gladiator began the quest for the
                  | Orb.
     0 | D:1      | Reached XP level 1. HP: 16/16 MP: 1/1
   146 | D:1      | Reached skill level 5 in Polearms
   146 | D:1      | Reached XP level 2. HP: 23/23 MP: 2/2
   541 | D:1      | Reached XP level 3. HP: 28/28 MP: 3/3
  1326 | D:2      | Reached skill level 6 in Polearms
  1548 | D:2      | Reached XP level 4. HP: 32/35 MP: 4/4
  2287 | D:3      | Noticed an ice beast
  2437 | D:4      | Noticed a necrophage
  2461 | D:4      | Killed a necrophage
  2462 | D:4      | Reached skill level 7 in Polearms
  2462 | D:4      | Reached XP level 5. HP: 19/42 MP: 5/5
  2607 | D:4      | Found a sand-covered staircase.
  2614 | Ossuary  | Entered an ossuary
  2769 | Ossuary  | Reached skill level 8 in Polearms
  2769 | Ossuary  | Reached XP level 6. HP: 29/48 MP: 6/6
  3007 | Ossuary  | Reached skill level 9 in Polearms
  3245 | Ossuary  | Reached XP level 7. HP: 46/55 MP: 7/7
  3257 | Ossuary  | Reached skill level 5 in Fighting
  3378 | Ossuary  | Reached skill level 10 in Polearms
  3731 | D:4      | Found a hazy altar of Hepliaklqana.
  3976 | D:4      | Noticed Sigmund
  4660 | D:3      | Noticed Robin
  4671 | D:3      | Killed Robin
  4708 | D:3      | Reached skill level 11 in Polearms
  4708 | D:3      | Reached XP level 8. HP: 48/64 MP: 8/8
  5295 | D:4      | Killed Sigmund
  5662 | D:5      | Entered Level 5 of the Dungeon
  5784 | D:5      | Reached skill level 12 in Polearms
  6697 | D:5      | Reached skill level 13 in Polearms
  7336 | D:6      | Reached XP level 9. HP: 16/72 MP: 9/9
  7558 | D:5      | Reached skill level 14 in Polearms
  8199 | D:6      | Found an ancient bone altar of Kikubaaqudgha.
  8649 | D:6      | Noticed an eight-headed hydra
  8725 | D:7      | Noticed a hornet
  8732 | D:7      | Paralysed by a hornet for 1 turns
  8735 | D:7      | Killed a hornet
  9872 | D:8      | Noticed a centaur warrior
  9890 | D:8      | Shot with an arrow by a centaur warrior

Illustrated notes

Levels and vault maps discovered:
D:1:      matt_arrival_diagonals, layout_basic, minmay_hedge_maze, st_stairs_6
D:2:      layout_loops_ring
D:3:      layout_basic, st_stairs_1, kennysheep_minor_cross,
          nrook_loot_triangle, minmay_misc_feat_ornament, minmay_joined_circles,
          uniq_robin
D:4:      layout_loops_cross, nicolae_hepliaklqana_hippocampus, enter_ossuary_4,
          uniq_sigmund
D:5:      layout_loops_ring, corexii_item_surrounded_by_moat
D:6:      layout_basic, kennysheep_vampire_church, gup_sewer_entry_spiral
D:7:      layout_basic, minmay_temple_entry_hall, serial_curves, eino_curves_02,
          eino_curves_01, uniq_maggie
D:8:      layout_basic, dpeg_oklobed_lair, uniq_joseph, uniq_psyche, uniq_pikel
D:9:      layout_loops_ring, mainiacjoe_overflow_large_starburst,
          lemuel_tele_altar, minmay_misc_feat_hallway

Skill      XL: |  1  2  3  4  5  6  7  8  9 |
---------------+----------------------------+-----
Polearms       | 5 6 7 8 9 11 13 14 | 14.0
Fighting       | 3 4 5 7 9 |  9.9
Throwing       | |  2.0
Dodging        | |  4.1

Action                   |  1- 3 |  4- 6 |  7- 9 || total
-------------------------+-------+-------+-------++-------
Melee: Trident           |   104 |   225 |   534 ||   863
       Punch             |       |     5 |     9 ||    14
       Tailslap          |       |       |     5 ||     5
Throw: Dart              |       |       |     6 ||     6
       Stone             |       |       |     1 ||     1
       Throwing net      |       |       |     3 ||     3
       Boomerang         |       |       |     2 ||     2
  Use: Scroll            |       |     4 |     8 ||    12
       Potion            |       |       |     9 ||     9
 Stab: Held in net/web   |       |       |     3 ||     3
Armor: Leather armour    |    14 |       |       ||    14
       Ring mail         |    10 |    38 |    62 ||   110
       Chain mail        |       |       |    79 ||    79
Dodge: Dodged            |    46 |    66 |   172 ||   284

Table legend: (Time is in decaauts)
 A = Elapsed time spent in this place.
 B = Non-inter-level travel time spent in this place.
 C = Inter-level travel time spent in this place.
 D = Time resting spent in this place.
 E = Time spent auto-exploring this place.
 F = Levels seen in this place.
 G = Mean time per level.
                   A        B        C        D        E       F      G
               +--------+--------+--------+--------+--------+-----+--------+
         Total |   9692 |   9287 |    405 |   3187 |   4134 |  10 |  969.2 |
       Dungeon |   8782 |   8377 |    405 |   2637 |   4025 |   9 |  975.8 |
       Ossuary |    909 |    909 |      0 |    549 |    109 |   1 |  909.0 |
               +--------+--------+--------+--------+--------+-----+--------+

Top non-repeatable levels by time:
     D:5: 2248 daAuts
     D:6: 1359 daAuts
     D:3: 1353 daAuts
     D:2: 1164 daAuts
     D:4: 1138 daAuts
     D:1: 1133 daAuts
 Ossuary: 909 daAuts
     D:7: 231 daAuts
     D:8: 152 daAuts
     D:9: 1 daAuts
